 Dungeon Crawl Stone Soup version 0.29-a0-824-gd827844252 (webtiles) character file.

Game seed: 9183011169022066436

49 billz999 the Sneak (level 3, -7/24 HPs)
             Began as a Vampire Earth Elementalist on July 10, 2022.
             Mangled by Crazy Yiuf
             ... wielding a +2 quarterstaff of chaos
              (10 damage)
             ... on level 2 of the Dungeon.
             The game lasted 00:03:19 (1262 turns).

billz999 the Sneak (Vampire Earth Elementalist)     Turns: 1262, Time: 00:03:20

Health: -7/24      AC:  3    Str:  7    XL:     3   Next: 53%
Magic:  3/6        EV: 12    Int: 19    God:
Gold:   83         SH:  0    Dex: 14    Spells: 5/6 levels left

rFire   . . .      SeeInvis +   h - +1 hand axe (elec)
rCold   . . .      Faith    .   (no shield)
rNeg    . . .      Spirit   .   a - +0 robe
rPois   .          Reflect  .   m - +0 helmet
rElec   .          Harm     .   (no cloak)
rCorr   .          Rampage  .   (no gloves)
Will    .....                   (no boots)
Stlth   +++.......              (no amulet)
HPRegen 0.28/turn               (no ring)
MPRegen 0.10/turn               (no ring)

@: healing quickly, hasted, very quick
A: alive, fangs 3, see invisible, vampiric 2
a: Exsanguinate


You were on level 2 of the Dungeon.
You visited 1 branch of the dungeon, and saw 2 of its levels.

You collected 83 gold pieces.

Inventory:

Hand Weapons
 d - a +0 club
 g - a +0 dagger
 h - a +1 hand axe of electrocution (weapon)
Armour
 a - a +0 robe (worn)
 m - a +0 helmet (worn)
Jewellery
 l - an amulet of guardian spirit
Scrolls
 f - a scroll of acquirement {unknown}
 j - a scroll of enchant armour {unknown}
 k - 2 scrolls of fear
 p - a scroll of silence {unknown}
Potions
 b - 2 potions of magic
 c - a potion of curing {unknown}
 e - 2 potions of degeneration {unknown}
 i - a potion of brilliance {unknown}
 n - a potion of mutation {unknown}
 o - a potion of invisibility {unknown}
 q - a potion of berserk rage {unknown}
 r - 3 potions of resistance {unknown}


   Skills:
 - Level 2.1 Dodging
 + Level 6.2 Stealth
 - Level 2.0 Spellcasting
 - Level 1.1 Transmutations
 - Level 3.0 Earth Magic


You had 5 spell levels left.
You knew the following spells:

 Your Spells              Type           Power      Damage    Failure   Level
a - Sandblast             Erth           26%        2d8       4%          1

Your spell library contained the following spells:

 Spells                   Type           Power      Damage    Failure   Level
 Passwall                 Tmut/Erth      7%         N/A       11%         2
 Apportation              Tloc           2%         N/A       17%         1
 Necrotise                Necr           4%         1d4       17%         1
 Slow                     Hex            4%         N/A       17%         1
 Summon Small Mammal      Summ           4%         N/A       17%         1
 Stone Arrow              Conj/Erth      14%        3d7       26%         3
 Confusing Touch          Hex            1%         N/A       45%         3
 Vampiric Draining        Necr           1%         2d6       45%         3
 Petrify                  Tmut/Erth      9%         N/A       58%         4


Dungeon Overview and Level Annotations

Branches:
Dungeon (2/15)

Altars:

Annotations:
D:2 Crazy Yiuf


Innate Abilities, Weirdness & Mutations

Your natural rate of healing is accelerated.
You have razor-sharp teeth.
You have supernaturally acute eyesight. (SInv)
You are afflicted with vampirism and can become a bat while bloodless.


Message History

The endoplasm freezes you.
You are frozen.
You hit the endoplasm.
You kill the endoplasm!
No target in view!
You now have 83 gold pieces (gained 11).
Could not explore, unopened runed door.
No reachable target in view!
You open the door.
Crazy Yiuf shouts!
Casting: Sandblast (safe; 4% risk of failure)
Confirm with . or Enter, or press ? or * to list all spells.
Aiming: Sandblast (safe; 4% risk of failure)
Press: ? - help, Shift-Dir - straight line, f - Crazy Yiuf
Aim: Crazy Yiuf, wielding a +2 quarterstaff of chaos and wearing a +0 cloak (82% to hit)
The blast of sand hits Crazy Yiuf.
Crazy Yiuf is moderately wounded.
Casting: Sandblast (safe; 4% risk of failure)
Confirm with . or Enter, or press ? or * to list all spells.
Aiming: Sandblast (safe; 4% risk of failure)
Press: ? - help, Shift-Dir - straight line, f/p - Crazy Yiuf
Aim: Crazy Yiuf, wielding a +2 quarterstaff of chaos and wearing a +0 cloak (moderately wounded, 82% to hit)
The blast of sand hits Crazy Yiuf!
Crazy Yiuf is severely wounded.
Crazy Yiuf hits you with a +2 quarterstaff of chaos!
You feel yourself speed up.
Crazy Yiuf hits you with a +2 quarterstaff of chaos!
* * * LOW HITPOINT WARNING * * *
Crazy Yiuf burns you.
* * * LOW HITPOINT WARNING * * *
Casting: Sandblast (safe; 4% risk of failure)
Confirm with . or Enter, or press ? or * to list all spells.
Aiming: Sandblast (safe; 4% risk of failure)
Press: ? - help, Shift-Dir - straight line, f/p - Crazy Yiuf
Aim: Crazy Yiuf, wielding a +2 quarterstaff of chaos and wearing a +0 cloak (severely wounded, 82% to hit)
The blast of sand hits Crazy Yiuf.
Crazy Yiuf is severely wounded.
Crazy Yiuf screams, "Key!
Citrus King mobile."
Crazy Yiuf hits you with a +2 quarterstaff of chaos!
You die...

#...#....#
#+..+#
#.###.#####
#....#
#.###.#...#
#....#
#.##..#.#.#
#...##
#รท##....#.#
##.##
#.##..###.##
#.##
....)...#..#
##.#
....#.#.####
#.##
....#...####
##@#
....#......#
#g#
#..........#
...
#..##......#
#...#
#..##......#
#..)#
...##......#
#####
..###......#
..###......###
...##........#


You could see Crazy Yiuf.

Vanquished Creatures
  An adder (D:2)
  2 dart slugs
  2 ball pythons (D:1)
  3 endoplasms
  A giant cockroach (D:1)
  5 goblins
  4 hobgoblins
  2 quokkas (D:2)
  7 bats
  2 frilled lizards (D:2)
  3 kobolds
  3 rats
35 creatures vanquished.

Vanquished Creatures (others)
  2 plants (D:1)
2 creatures vanquished.

Grand Total: 37 creatures vanquished

Notes
Turn   | Place    | Note
-------+----------+-------------------------------------------
     0 | D:1      | billz999 the Vampire Earth Elementalist began the quest for
                  | the Orb.
     0 | D:1      | Reached XP level 1. HP: 13/13 MP: 3/3
   183 | D:1      | Reached skill level 4 in Stealth
   222 | D:1      | Reached XP level 2. HP: 5/19 MP: 0/5
   460 | D:1      | Reached skill level 5 in Stealth
   751 | D:2      | Gained mutation: You are afflicted with vampirism and can
                  | become a bat while bloodless. [Vampire growth]
   751 | D:2      | Reached XP level 3. HP: 24/24 MP: 6/6
   931 | D:2      | Reached skill level 6 in Stealth
  1101 | D:2      | Found a runed translucent door.
  1102 | D:2      | Noticed Crazy Yiuf
  1262 | D:2      | Mangled by Crazy Yiuf

Illustrated notes

Levels and vault maps discovered:
D:1:      matt_arrival_refuge, layout_rooms, minmay_misc_feat_square,
          serial_bayou_pond_c
D:2:      layout_basic, uniq_crazy_yiuf_cottage

Skill      XL: |  1  2  3 |
---------------+----------+-----
Stealth        | 4 5 6 |  6.2
Dodging        | |  2.1
Spellcasting   | |  2.0
Transmutations | |  1.1
Earth Magic    | |  3.0

Action                   || total
-------------------------++-------
Melee: Unarmed           ||    16
       Club              ||    15
       Bite              ||     8
       Punch             ||     2
       Hand axe          ||    79
 Cast: Sandblast         ||    12
  Use: Scroll            ||     1
 Stab: Sleeping          ||    13
Armor: Robe              ||    27
Dodge: Dodged            ||    82

Table legend: (Time is in decaauts)
 A = Elapsed time spent in this place.
 B = Non-inter-level travel time spent in this place.
 C = Inter-level travel time spent in this place.
 D = Time resting spent in this place.
 E = Time spent auto-exploring this place.
 F = Levels seen in this place.
 G = Mean time per level.
                   A        B        C        D        E       F      G
               +--------+--------+--------+--------+--------+-----+--------+
         Total |   1313 |   1275 |     38 |     62 |    873 |   2 |  656.5 |
       Dungeon |   1313 |   1275 |     38 |     62 |    873 |   2 |  656.5 |
               +--------+--------+--------+--------+--------+-----+--------+

Top non-repeatable levels by time:
     D:1: 769 daAuts
     D:2: 544 daAuts
